 Dungeon Crawl Stone Soup version 0.29.0-15-g675c0067aa (webtiles) character file.

Game seed: 9298385859732569036

2886 qw the Cleaver (level 9, -2/57 HPs)
             Began as a Gargoyle Fighter on Sept 12, 2022.
             Slain by an orc warrior
             ... wielding a +0 hand axe
              (5 damage)
             ... on level 7 of the Dungeon.
             The game lasted 00:02:55 (7919 turns).

qw the Cleaver (Gargoyle Fighter)                   Turns: 7919, Time: 00:02:55

Health: -2/57      AC: 22    Str: 24    XL:     9   Next: 77%
Magic:  9/9        EV:  8    Int:  9    God:
Gold:   433        SH:  6    Dex:  9    Spells: 8/8 levels left

rFire   . . .      SeeInvis .   Y - +2 war axe (flame)
rCold   . . .      Faith    .   f - +2 buckler
rNeg    + + .      Spirit   .   i - +0 chain mail
rPois   inf        Reflect  .   o - +0 helmet
rElec   +          Harm     .   (no cloak)
rCorr   .          Rampage  .   k - +0 pair of gloves
Will    .....                   (no boots)
Stlth   ..........              j - amulet of the acrobat
HPRegen 0.19/turn               h - ring of positive energy
MPRegen 0.11/turn               l - +4 ring of protection

@: about to teleport
A: sickness immunity, AC +6, negative energy resistance 1, electricity
resistance, torment resistance 1, petrification resistance
a: no special abilities


You were on level 7 of the Dungeon.
You visited 2 branches of the dungeon, and saw 8 of its levels.

You collected 433 gold pieces.


Innate Abilities, Weirdness & Mutations

You are immune to sickness and miasma.
Your stone body is resilient. (AC +6)
You are immune to poison.
You resist negative energy. (rN+)
You are resistant to electric shocks. (rElec)
You are resistant to unholy torment.
You are immune to petrification.


   Skills:
 + Level 7.3 Fighting
 - Level 10.0 Axes
 - Level 5.3 Armour
 - Level 1.0 Dodging
 - Level 4.2 Shields


You had 8 spell levels left.
You didn't know any spells.
Your spell library was empty.

Inventory:

Hand Weapons
 Y - a +2 war axe of flaming (weapon)
Armour
 e - a +1 ring mail of cold resistance
 f - a +2 buckler (worn)
 i - a +0 chain mail (worn)
 k - a +0 pair of gloves (worn)
 o - a +0 helmet (worn)
Jewellery
 a - an amulet of guardian spirit
 h - a ring of positive energy (left hand)
 j - an amulet of the acrobat (around neck)
 l - a +4 ring of protection (right hand)
Scrolls
 t - 3 scrolls of identify
Potions
 b - a potion of mutation
 c - a potion of resistance {unknown}
 d - 2 potions of might
 g - 4 potions of curing
 p - 2 potions of lignification
 s - a potion of attraction

Dungeon Overview and Level Annotations

Branches:
Dungeon (7/15)             Temple (1/1) D:6

Altars:
Ashenzari
Cheibriados
Fedhas
Hepliaklqana
Kikubaaqudgha
Makhleb
Nemelex Xobeh
Ru
Sif Muna
Trog
Uskayaw
Vehumet
Wu Jian
Yredelemnul
The Shining One

Annotations:
D:2 1 runed translucent door, Crazy Yiuf


Message History

The orc warrior is lightly wounded.
You miss something. You hit something. You burn something.
The orc warrior hits you but does no damage.
You hear some strange, mumbled words.
A magic dart appears from out of thin air!
The magic dart hits you but does no damage.
Something hits you but does no damage.
You slash the orc warrior! You burn the orc warrior.
The orc warrior is heavily wounded.
You closely miss something. You miss something.
The orc warrior hits you with a +0 hand axe.
Something hits you but does no damage. x2
You closely miss the orc warrior.
The orc warrior is heavily wounded.
You hit something. You burn something.
Reactivating autopickup.
You feel a bit more experienced.
You slash something! You burn something.
You feel a bit more experienced.
The orc warrior hits you with a +0 hand axe!
You hit the orc warrior. You burn the orc warrior.
The orc warrior is severely wounded.
The orc warrior hits you but does no damage.
You hit the orc warrior. You burn the orc warrior.
The orc warrior is almost dead.
You block the orc warrior's attack.
You completely miss the orc warrior.
The orc warrior is almost dead.
The orc warrior hits you but does no damage.
You closely miss the orc warrior.
The orc warrior is almost dead.
The orc warrior hits you with a +0 hand axe!
7918 ||| READING scroll of teleportation.
As you read the scroll of teleportation, it crumbles to dust.
You feel strangely unstable. You block the orc warrior's attack.
You barely miss the orc warrior.
The orc warrior is almost dead.
The orc warrior hits you with a +0 hand axe!
The orc warrior hits you with a +0 hand axe.
You die...

#.........#####.........
#.........# #.........
#.........# #.........
#.........# #.........
#####.....# #.........
#.....# #......(..
#.....# #.........
#####...).##############
......[@)......
........o......
?.....###...... ######
...... ...... ......
....) ....


You could see an orc warrior.

Vanquished Creatures
  Sigmund (D:6)
  A wyvern (D:7)
  2 steam dragons
  An ice beast (D:7)
  2 black bears
  A sky beast (D:7)
  An ogre (D:4)
  A centaur (D:6)
  2 phantoms
  5 bullfrogs
  A scorpion (D:7)
  3 necrophages
  9 wights
  2 howler monkeys
  2 jellies
  2 hounds
  Jessica (D:2)
  Natasha (D:4)
  4 iguanas
  3 orc wizards (D:7)
  Robin (D:2)
  3 gnolls (D:5)
  7 adders
  A shadow imp (D:5)
  2 white imps
  2 ufetubi
  A worm (D:3)
  2 dart slugs
  12 orcs
  3 ball pythons
  8 endoplasms
  2 giant cockroaches (D:1)
  12 goblins
  8 hobgoblins
  3 jackals (D:4)
  3 quokkas
  10 bats
  5 frilled lizards
  3 kobolds
  2 rats
135 creatures vanquished.

Notes
Turn   | Place    | Note
-------+----------+-------------------------------------------
     0 | D:1      | qw the Gargoyle Fighter began the quest for the Orb.
     0 | D:1      | Reached XP level 1. HP: 14/14 MP: 1/1
     0 | D:1      | 0 ||| qw: Version: 0.1-a-119-g272c26d
     0 | D:1      | 0 ||| qw: Game counter: 10942
     0 | D:1      | 0 ||| qw: Always use a shield: true
     0 | D:1      | 0 ||| qw: God list: Okawaru
     0 | D:1      | 0 ||| qw: Allow faded altars: false
     0 | D:1      | 0 ||| qw: Do Orc after D:15 true
     0 | D:1      | 0 ||| qw: Do second Lair branch before Depths: true
     0 | D:1      | 0 ||| qw: Lair rune preference: random
     0 | D:1      | 0 ||| qw: Plans: Normal, Zot, God:TSO, Crypt, Tomb, Pan,
                  | Slime, Hells, Zig, Abyss, Orb
     0 | D:1      | 0 ||| PLANNING D:1-11
    98 | D:1      | Reached skill level 2 in Axes
   278 | D:1      | Reached XP level 2. HP: 19/19 MP: 2/2
   658 | D:1      | Reached skill level 3 in Axes
  1154 | D:1      | 1154 ||| UPGRADING to +1 ring mail of cold resistance.
  1164 | D:1      | 1164 ||| DROPPING +0 scale mail.
  1165 | D:1      | 1165 ||| UPGRADING to +2 buckler.
  1175 | D:1      | 1175 ||| DROPPING +0 buckler.
  1176 | D:1      | 1176 ||| UPGRADING to +0 chain mail.
  1186 | D:1      | 1186 ||| UPGRADING to amulet of the acrobat.
  1191 | D:1      | 1191 ||| UPGRADING to ring of positive energy.
  1192 | D:1      | 1192 ||| READING scroll labelled HYEWKASIAD.
  1193 | D:1      | 1193 ||| DRINKING 2 lumpy emerald potions.
  1446 | D:2      | Reached XP level 3. HP: 23/23 MP: 3/3
  1446 | D:2      | 1446 ||| Stepping ~*~*~tactically~*~*~ (stealth).
  1451 | D:2      | 1451 ||| Stepping ~*~*~tactically~*~*~ (stealth).
  1452 | D:2      | 1452 ||| Stepping ~*~*~tactically~*~*~ (stealth).
  1648 | D:2      | Noticed Jessica
  1658 | D:2      | Killed Jessica
  1711 | D:2      | 1711 ||| Stepping ~*~*~tactically~*~*~ (stealth).
  1722 | D:2      | Reached XP level 4. HP: 25/28 MP: 4/4
  1730 | D:2      | 1730 ||| Stepping ~*~*~tactically~*~*~ (stealth).
  1785 | D:2      | 1785 ||| Stepping ~*~*~tactically~*~*~ (stealth).
  1787 | D:2      | 1787 ||| Stepping ~*~*~tactically~*~*~ (stealth).
  1788 | D:2      | 1788 ||| Stepping ~*~*~tactically~*~*~ (stealth).
  1797 | D:2      | Noticed Robin
  1798 | D:2      | 1798 ||| Stepping ~*~*~tactically~*~*~ (stealth).
  1810 | D:2      | Reached skill level 4 in Axes
  1815 | D:2      | Killed Robin
  1819 | D:2      | 1819 ||| FLEEEEING.
  1820 | D:2      | 1820 ||| FLEEEEING.
  1821 | D:2      | 1821 ||| FLEEEEING.
  1822 | D:2      | 1822 ||| FLEEEEING.
  1823 | D:2      | 1823 ||| FLEEEEING.
  1824 | D:2      | 1824 ||| FLEEEEING.
  1825 | D:2      | 1825 ||| FLEEEEING.
  1826 | D:2      | 1826 ||| FLEEEEING.
  1827 | D:2      | 1827 ||| FLEEEEING.
  1830 | D:2      | 1830 ||| FLEEEEING.
  1831 | D:2      | 1831 ||| FLEEEEING.
  1834 | D:2      | 1834 ||| FLEEEEING.
  1835 | D:2      | 1835 ||| FLEEEEING.
  1836 | D:2      | 1836 ||| STAIRDANCE
  1867 | D:1      | 1867 ||| UPGRADING to +0 pair of gloves.
  1872 | D:1      | 1872 ||| READING scroll labelled ANEYRA RATA.
  2136 | D:2      | Found a runed translucent door.
  2137 | D:2      | Noticed Crazy Yiuf
  2532 | D:2      | 2532 ||| UPGRADING to +0 helmet.
  2537 | D:2      | 2537 ||| DROPPING amulet of faith.
  2538 | D:2      | 2538 ||| DROPPING ring of wizardry.
  2539 | D:2      | 2539 ||| READING scroll labelled QIYR BAENO.
  2672 | D:3      | 2672 ||| Stepping ~*~*~tactically~*~*~ (stealth).
  2688 | D:3      | Reached XP level 5. HP: 32/32 MP: 5/5
  2763 | D:3      | Noticed a black bear
  2769 | D:3      | Killed a black bear
  2770 | D:3      | Reached skill level 5 in Axes
  3014 | D:3      | Found a basalt altar of Yredelemnul.
  3110 | D:3      | Found a faded altar of an unknown god.
  3169 | D:3      | Reached XP level 6. HP: 37/37 MP: 6/6
  3347 | D:3      | 3347 ||| Stepping ~*~*~tactically~*~*~ (stealth).
  3355 | D:3      | 3355 ||| READING scroll labelled OMIMIH MEJADE.
  3356 | D:3      | 3356 ||| READING scroll labelled ECVIFR ROSUU.
  3357 | D:3      | 3357 ||| READING scroll labelled PESYISTRO ITAUT.
  3358 | D:3      | 3358 ||| READING scroll labelled OZXAIRCHOCI.
  3359 | D:3      | 3359 ||| DRINKING 2 green potions.
  3360 | D:3      | 3360 ||| DROPPING potion of magic.
  3457 | D:4      | 3457 ||| DROPPING +0 club.
  3591 | D:4      | Found a sacrificial altar of Ru.
  3666 | D:4      | 3666 ||| DROPPING +0 whip.
  3836 | D:4      | Noticed Natasha
  3836 | D:4      | Noticed a black bear
  3838 | D:4      | 3838 ||| Stepping ~*~*~tactically~*~*~ (hiding).
  3839 | D:4      | 3839 ||| Stepping ~*~*~tactically~*~*~ (hiding).
  3846 | D:4      | Killed Natasha
  3850 | D:4      | HP: 8/38 [black bear (3)]
  3851 | D:4      | 3851 ||| READING 2 scrolls of teleportation.
  3851 | D:4      | HP: 3/38 [adder (2)]
  4146 | D:4      | Killed a black bear
  4147 | D:4      | Reached skill level 6 in Axes
  4318 | D:4      | 4318 ||| DROPPING scarf of harm.
  4319 | D:4      | 4319 ||| UPGRADING to +4 ring of protection.
  4320 | D:4      | 4320 ||| READING scroll labelled QIUFUI UNAFIO.
  4321 | D:4      | 4321 ||| DRINKING 2 viscous cyan potions.
  4352 | D:5      | Entered Level 5 of the Dungeon
  4359 | D:5      | 4359 ||| STAIRDANCE
  4368 | D:4      | Reached skill level 1 in Dodging
  4484 | D:5      | 4484 ||| STAIRDANCE
  4491 | D:4      | Reached XP level 7. HP: 33/43 MP: 7/7
  4563 | D:5      | 4563 ||| STAIRDANCE
  4569 | D:5      | 4569 ||| STAIRDANCE
  4593 | D:5      | Reached skill level 7 in Axes
  4593 | D:5      | 4593 ||| STAIRDANCE
  4676 | D:5      | 4676 ||| Stepping ~*~*~tactically~*~*~ (stealth).
  4677 | D:5      | 4677 ||| Stepping ~*~*~tactically~*~*~ (hiding).
  4720 | D:5      | Noticed a steam dragon
  4721 | D:5      | 4721 ||| FLEEEEING.
  4722 | D:5      | 4722 ||| FLEEEEING.
  4726 | D:5      | 4726 ||| FLEEEEING.
  4727 | D:5      | 4727 ||| FLEEEEING.
  4730 | D:5      | 4730 ||| FLEEEEING.
  4731 | D:5      | 4731 ||| FLEEEEING.
  4732 | D:5      | 4732 ||| Stepping ~*~*~tactically~*~*~ (cloud).
  4735 | D:5      | 4735 ||| FLEEEEING.
  4736 | D:5      | 4736 ||| STAIRDANCE
  4917 | D:4      | 4917 ||| READING scroll labelled VAUSKAOGUO.
  4936 | D:5      | Killed a steam dragon
  4937 | D:5      | 4937 ||| Stepping ~*~*~tactically~*~*~ (cloud).
  5120 | D:5      | Reached XP level 8. HP: 50/50 MP: 8/8
  5153 | D:5      | 5153 ||| FLEEEEING.
  5154 | D:5      | 5154 ||| FLEEEEING.
  5155 | D:5      | 5155 ||| FLEEEEING.
  5156 | D:5      | 5156 ||| FLEEEEING.
  5157 | D:5      | 5157 ||| FLEEEEING.
  5158 | D:5      | 5158 ||| FLEEEEING.
  5159 | D:5      | 5159 ||| FLEEEEING.
  5160 | D:5      | 5160 ||| FLEEEEING.
  5161 | D:5      | 5161 ||| FLEEEEING.
  5162 | D:5      | 5162 ||| FLEEEEING.
  5163 | D:5      | 5163 ||| FLEEEEING.
  5164 | D:5      | 5164 ||| FLEEEEING.
  5165 | D:5      | 5165 ||| FLEEEEING.
  5166 | D:5      | 5166 ||| FLEEEEING.
  5167 | D:5      | 5167 ||| FLEEEEING.
  5168 | D:5      | 5168 ||| FLEEEEING.
  5169 | D:5      | 5169 ||| FLEEEEING.
  5170 | D:5      | 5170 ||| FLEEEEING.
  5176 | D:5      | HP: 11/50 [hound (3)]
  5177 | D:5      | 5177 ||| READING scroll of teleportation.
  5401 | D:5      | 5401 ||| Stepping ~*~*~tactically~*~*~ (stealth).
  5644 | D:5      | 5644 ||| Stepping ~*~*~tactically~*~*~ (hiding).
  5647 | D:5      | Reached skill level 8 in Axes
  5801 | D:5      | 5801 ||| READING scroll labelled JAOMNI TULUMMITEO.
  5802 | D:5      | 5802 ||| DRINKING 2 coppery potions.
  5803 | D:5      | 5803 ||| DRINKING 2 fizzy cyan potions.
  5908 | D:5      | 5908 ||| DRINKING 3 puce potions.
  5909 | D:5      | 5909 ||| READING 2 scrolls of identify.
  5909 | D:5      | 5909 ||| IDENTIFYING bubbling puce potion
  5910 | D:5      | 5910 ||| DROPPING potion of degeneration.
  5911 | D:5      | 5911 ||| DROPPING potion of brilliance.
  5912 | D:5      | 5912 ||| DROPPING potion of berserk rage.
  5913 | D:5      | 5913 ||| DROPPING 2 potions of flight.
  5960 | D:6      | 5960 ||| STAIRDANCE
  5999 | D:6      | 5999 ||| READING scroll of enchant weapon.
  5999 | D:6      | 5999 ||| ENCHANTING +1 war axe of protection.
  6061 | D:6      | 6061 ||| Stepping ~*~*~tactically~*~*~ (hiding).
  6068 | D:6      | Reached skill level 6 in Fighting
  6262 | D:6      | Noticed Sigmund
  6279 | D:6      | 6279 ||| DRINKING 5 potions of curing.
  6279 | D:6      | 6279 ||| (to cure confusion)
  6289 | D:6      | 6289 ||| DRINKING 4 potions of curing.
  6289 | D:6      | 6289 ||| (to cure confusion)
  6312 | D:6      | Killed Sigmund
  6313 | D:6      | Reached skill level 9 in Axes
  6727 | D:6      | Found a staircase to the Ecumenical Temple.
  6728 | D:6      | 6728 ||| PLANNING TEMPLE
  6728 | D:6      | 6728 ||| READING 3 scrolls of identify.
  6728 | D:6      | 6728 ||| IDENTIFYING sedimented emerald potion
  6729 | D:6      | 6729 ||| READING 2 scrolls of identify.
  6729 | D:6      | 6729 ||| IDENTIFYING blue potion
  6738 | Temple   | Entered the Ecumenical Temple
  6875 | Temple   | 6875 ||| PLANNING D:1-11
  7251 | D:7      | Reached XP level 9. HP: 47/55 MP: 9/9
  7349 | D:7      | Identified the +10 hand axe "Holuh" {distort, Stlth+}
  7491 | D:7      | Found an ancient bone altar of Kikubaaqudgha.
  7492 | D:7      | 7492 ||| Stepping ~*~*~tactically~*~*~ (cloud).
  7650 | D:7      | 7650 ||| DRINKING 5 potions of curing.
  7650 | D:7      | 7650 ||| (to cure confusion)
  7764 | D:7      | 7764 ||| READING scroll of brand weapon.
  7764 | D:7      | 7764 ||| BRANDING +2 war axe of protection.
  7765 | D:7      | 7765 ||| DROPPING +0 flail.
  7890 | D:7      | Reached skill level 10 in Axes
  7905 | D:7      | 7905 ||| DRINKING 5 potions of curing.
  7905 | D:7      | 7905 ||| (to cure confusion)
  7917 | D:7      | HP: 10/57 [orc warrior/+0 hand axe (10)]
  7918 | D:7      | 7918 ||| READING scroll of teleportation.
  7919 | D:7      | HP: 3/57 [orc warrior/+0 hand axe (8)]
  7919 | D:7      | Slain by an orc warrior

Levels and vault maps discovered:
D:1:      evilmike_arrival_rings, layout_basic
D:2:      layout_basic, uniq_jessica, uniq_crazy_yiuf_cottage, uniq_robin
D:3:      layout_basic, lemuel_tele_altar, hellmonk_ecumenical_altar_blasted,
          minmay_misc_feat_diagonals
D:4:      layout_gridville, mainiacjoe_overflow_cross_hatched,
          chequers_serial_rivers_small_b, uniq_natasha
D:5:      layout_cave_pools, serial_column_ruins, column_ruins_circle_medium,
          column_ruins_grid_1, column_ruins_columns_straight,
          column_ruins_columns_dead_end, column_ruins_grid_1,
          column_ruins_grid_4, column_ruins_grid_3, kennysheep_cross_bottleneck,
          minmay_misc_feat_chi
D:6:      layout_cave_pools, lemuel_temple_firewalk_b, corexii_corridor_pit,
          minivault_5, nrook_mini_backslash, uniq_sigmund
D:7:      kennysheep_six_static_rooms, layout_basic,
          mainiacjoe_overflow_surrounded_room, mainiacjoe_overflow_brackets
Temple:   hellmonk_temple_forest_ring

Skill      XL: |  1  2  3  4  5  6  7  8  9 |
---------------+----------------------------+-----
Axes           | 2 3 4 5 6 7 9 10 | 10.0
Fighting       | 4 5 6 7 |  7.3
Dodging        | 1 |  1.0
Armour         | 4 5 |  5.3
Shields        | 4 |  4.2

Action                   |  1- 3 |  4- 6 |  7- 9 || total
-------------------------+-------+-------+-------++-------
Melee: War axe           |    90 |   178 |   238 ||   506
  Use: Scroll            |     1 |     8 |     9 ||    18
       Potion            |     1 |     2 |     7 ||    10
Armor: Scale mail        |    33 |       |       ||    33
       Chain mail        |    16 |   131 |   166 ||   313
Dodge: Dodged            |    42 |    86 |   108 ||   236
Block: Buckler           |    16 |    51 |    70 ||   137

Table legend:
 A = Non-vault XP
 B = Vault XP
 C = Vault XP percentage of total XP
 D = Non-vault monster count
 E = Vault monster count
 F = Vault count percentage of total count
                 A         B        C        D         E       F
            +---------+---------+-------+---------+---------+-------
      Total |    3272 |     852 |  20.7 |     120 |      15 |  11.1
            +---------+---------+-------+---------+---------+-------
        D:1 |      30 |       0 |   0.0 |      17 |       0 |   0.0
        D:2 |      64 |      62 |  49.2 |      20 |       7 |  25.9
        D:3 |     170 |       0 |   0.0 |      17 |       0 |   0.0
        D:4 |     418 |      36 |   7.9 |      19 |       1 |   5.0
        D:5 |     853 |       0 |   0.0 |      23 |       0 |   0.0
        D:6 |     492 |     226 |  31.5 |       8 |       1 |  11.1
        D:7 |    1245 |     528 |  29.8 |      16 |       6 |  27.3
            +---------+---------+-------+---------+---------+-------
